Cogmind - Beta 15 @@@ ROGUE MODE // 2025.05.22 @ 20:45:30 Player: Tenderz Result: Destroyed by 5X-KWR(R) with Subdweller Laser Performance ------------- Evolutions (0) 0 Regions Visited (3) 600 Robots Destroyed (31) 155 Value Destroyed (552) 552 Prototype IDs (0) 0 Alien Tech Used (0) 0 Bonus (0) 0 TOTAL SCORE: 1307 Bonus ------- None Cogmind --------- Core Integrity 0/250 Matter 102/300 Energy 100/100 System Corruption 0% Temperature Cool (15) Movement Core (700) Ox13 Location -10/Subcaves Parts ------- > --- POWER (1) -------- (None) > --- PROPULSION (2) --- (None) > --- UTILITY (2) ------ High-capacity Storage Unit Targeting Computer > --- WEAPON (2) ------- Mini Grenade Launcher > --- INVENTORY (20) --- Arachnoskeleton Improved Heat Sink Large Matter Pod (150) Visual Processing Unit Sensor Array Improved Terrain Scanner Seismic Detector Light Armor Plating Tractor Beam Riot Gun Light Assault Rifle Light Assault Rifle Heavy Assault Rifle Grenade Launcher Datajack Mining Laser Mining Claw Shrapnel Trap Peak State ------------ > --- POWER ------------ Improved Ion Engine > --- PROPULSION ------- Light Treads Light Treads > --- UTILITY ---------- High-capacity Storage Unit Targeting Computer > --- WEAPON ----------- Mini Grenade Launcher Mini Grenade Launcher > --- INVENTORY -------- Ion Engine Improved Heat Sink Large Matter Pod Visual Processing Unit Sensor Array Sensor Array Improved Terrain Scanner Seismic Detector Light Armor Plating Tractor Beam Riot Gun Light Assault Rifle Light Assault Rifle Heavy Assault Rifle Grenade Launcher Datajack Mining Laser Mining Claw Shrapnel Trap [Rating: 12] Favorites ----------- Power Ion Engine Engine Ion Engine Propulsion Light Treads Treads Light Treads Utility High-capacity Storage Unit Device Seismic Detector Storage High-capacity Storage Unit Processor Salvage Targeting Computer Weapon Light Assault Rifle Energy Gun Medium Laser Ballistic Gun Light Assault Rifle Launcher Mini Grenade Launcher Build | -11 -10 -10 -10 ------- Run | Yrd Mat Min Sub Slots Evolved . | . . . . Power . | . . . . Propulsion . | . . . . Utility . | . . . . Weapon . | . . . . Parts Attached 18 | 7 5 4 2 Power 2 | 1 . 1 . Engine 2 | 1 . 1 . Core . | . . . . Reactor . | . . . . Propulsion 5 | 2 1 1 1 Treads 5 | 2 1 1 1 Leg . | . . . . Wheel . | . . . . Hover . | . . . . Flight . | . . . . Utility 5 | 2 2 1 . Device 1 | 1 . . . Storage 2 | 1 1 . . Processor 2 | . 1 1 . Hackware . | . . . . Protection . | . . . . Artifact . | . . . . Weapon 6 | 2 2 1 1 Energy Gun 1 | 1 . . . Energy Cannon . | . . . . Ballistic Gun 3 | 1 1 1 . Ballistic Cannon . | . . . . Launcher 2 | . 1 . 1 Special Weapon . | . . . . Impact Weapon . | . . . . Slashing Weapon . | . . . . Piercing Weapon . | . . . . Special Melee Weapon . | . . . . Unidentified Prototypes . | . . . . Parts Lost 7 | . 1 . 6 Power 2 | . . . 2 Propulsion 4 | . 1 . 3 Utility . | . . . . Weapon 1 | . . . 1 Highest Loss Streak 6 | . 1 . 6 To Critical Strikes . | . . . . Average Backups 16 | 5 14 20 19 Power . | . . 1 . Propulsion 1 | 2 1 1 . Utility 7 | . 6 9 9 Weapon 5 | 1 5 7 6 Tool/Special . | . . . . Unused Backups 29 | 2 9 3 15 Power 1 | . . 1 . Propulsion 6 | 2 3 1 . Utility 12 | . 3 . 9 Weapon 9 | . 3 1 5 Tool/Special 1 | . . . 1 Average Slot Usage (%) 99 | . 99 100 100 Engine 14 | . 14 14 14 Treads 27 | . 27 28 28 Storage 14 | . 14 14 14 Processor 13 | . 13 14 14 Energy Gun 4 | . 11 . . Ballistic Gun 20 | . 12 27 25 Launcher 2 | . 4 . 2 Peak Build Rating 12 | 8 11 11 12 Average Rating 10 | 6 9 10 11 On Entrance 7 | . 8 10 11 Naked Turns . | . . . . Heaviest Build 51 | 14 48 51 51 Greatest Support 40 | 40 40 40 40 Greatest Overweight (x) 2 | . 1 1 2 Average Overweight (x) . | . . 1 1 Largest Inventory Capacity 20 | 8 20 20 20 Average Capacity 18 | 7 18 20 20 Most Carried 20 | 8 20 20 20 Average Carried 16 | 5 14 19 19 Final Capacity 20 | 8 20 20 20 Final Carried 20 | 8 20 20 20 Class Distribution -------------------- 57% | Mutant 42% | Scavenger-Mutant Dominant Class ---------------- Mutant | -10/Materials Scavenger-Mutant | -10/Mines Scavenger-Mutant | -10/Subcaves Resources | -11 -10 -10 -10 ----------- Run | Yrd Mat Min Sub Matter Collected 693 | 287 330 76 . Remotely . | . . . . Salvage Created 829 | 205 504 74 46 Parts 63 | 19 36 3 5 Haulers Intercepted . | . . . . Recyclers Shooed 1 | . 1 . . Parts Field Recycled . | . . . . Retrieved Matter . | . . . . Parts Self-Destructed 5 | . . . 5 Prevented . | . . . . Kills | -11 -10 -10 -10 ------- Run | Yrd Mat Min Sub Combat Hostiles Destroyed 18 | . 14 . 4 Guns 11 | . 11 . . AOE 7 | . 3 . 4 Classes Destroyed 7 | 3 3 . 1 Worker 1 | 1 . . . Tunneler 6 | 6 . . . Recycler 3 | 1 1 1 . Watcher 3 | . 3 . . Swarmer 9 | . 9 . . Grunt 5 | . 5 . . Subdweller 4 | . . . 4 Best Kill Streak 7 | 2 7 1 2 Combat Bots Only 7 | . 7 . 2 Max Kills in Single Turn 2 | 1 2 1 1 Gunslinging 1 | . 1 . . Exploded 2 | . 2 . 1 Melee . | . . . . Uniques/NPCs Destroyed . | . . . . Combat | -11 -10 -10 -10 -------- Run | Yrd Mat Min Sub Hostile Shots Fired 115 | . 69 . 46 Missed 25 | . 13 . 12 Hits 90 | . 56 . 34 Projectile 90 | . 56 . 34 Critical Strikes 2 | . 2 . . Damage Taken 1441 | . 524 . 917 Core 258 | . 63 . 195 Absorbed by Shields . | . . . . Core Remaining (%) 100 | 100 . . . Volleys Fired 76 | 17 43 3 13 Largest 2 | 2 2 2 2 Hottest 70 | 70 70 40 60 Shots Fired 137 | 34 75 6 22 Gun 111 | 34 67 6 4 Cannon . | . . . . Launcher 26 | . 8 . 18 Special . | . . . . Kinetic 72 | 17 45 6 4 Thermal 39 | 17 22 . . Explosive 26 | . 8 . 18 Electromagnetic . | . . . . Robot Hit Streak 17 | 11 9 15 17 Robot Miss Streak 4 | 3 4 . 1 Penetration Max . | . . . . Secondary Targets 1 | . 1 . . Max Gunslinging Chain 1 | . 1 . . Shots Hit Robots 89 | 21 45 6 17 Core Hits 57 | 12 30 2 13 Critical Kills . | . . . . Critical Parts Destroyed . | . . . . Critical Strikes 1 | . 1 . . Burn 1 | . 1 . . Melee Attacks . | . . . . Impact . | . . . . Slashing . | . . . . Piercing . | . . . . Sneak Attacks . | . . . . Combat Hostiles . | . . . . Follow-up Attacks . | . . . . Damage Inflicted 2125 | 212 662 50 1201 Guns 718 | 212 424 46 36 Cannons . | . . . . Explosions 1403 | . 238 . 1165 Melee . | . . . . Ramming 4 | . . 4 . Kinetic 395 | 87 226 46 36 Thermal 323 | 125 198 . . Explosive 1403 | . 238 . 1165 Electromagnetic . | . . . . Impact . | . . . . Slashing . | . . . . Piercing . | . . . . Highest Corruption . | . . . . Average Corruption . | . . . . Corruption Purged . | . . . . Corruption Blocked . | . . . . Overload Shots . | . . . . Overflow Damage 11 | . . . 11 Projectiles . | . . . . Explosions 11 | . . . 11 Melee . | . . . . Knockbacks . | . . . . Impact . | . . . . Kinetic . | . . . . Secondary . | . . . . Self-Inflicted Damage 158 | . . . 158 Shots 8 | . . . 8 Rammed 2 | . . 2 . Targets Rammed 2 | . . 2 . Kicked . | . . . . Crushed . | . . . . Highest Temperature 173 | 70 173 . . Average Temperature 57 | 27 78 . . Received Heat Transfer 336 | . 123 . 213 Siege Activations . | . . . . Martial Activations . | . . . . Shielding Activations . | . . . . Robots Disrupted . | . . . . Combat Hostiles . | . . . . Robots Corrupted . | . . . . Combat Hostiles . | . . . . Parts Fried . | . . . . Impact Corruptions . | . . . . Robots Melted . | . . . . Combat Hostiles . | . . . . Parts Melted 3 | 1 2 . . Heat Transferred 1036 | 370 666 . . Parts Sabotaged . | . . . . Parts Stolen . | . . . . Parts Stripped . | . . . . Power Chain Reactions . | . . . . Alert | -11 -10 -10 -10 ------- Run | Yrd Mat Min Sub Maximum Alert Level 1 | . 1 . . Low Security (%) 89 | 100 79 100 . Level 1 10 | . 20 . . Level 2 . | . . . . Level 3 . | . . . . Level 4 . | . . . . Level 5 . | . . . . High Security . | . . . . Max Security . | . . . . Peak Influence 365 | 10 365 132 . Initial 132 | . . 132 . Average 47 | 1 81 18 . Influence Increases 633 | 40 588 5 . Destroy 0b10 Robot/C 280 | . 280 . . Destroy 0b10 Robot/NC 65 | 40 20 5 . Destroy Leader 56 | . 56 . . Successful Hack 44 | . 44 . . Disable Machine 15 | . 15 . . Destroy Structure 23 | . 23 . . Lose Combat Pursuer 150 | . 150 . . Influence Decreases 633 | 40 249 344 . Entered New Map 207 | . . 207 . Time Decay 416 | 40 239 137 . Lost Part 10 | . 10 . . Squads Dispatched 1 | . 1 . . Investigation . | . . . . Extermination . | . . . . Reinforcement 1 | . 1 . . Assault . | . . . . Garrison . | . . . . Intercept . | . . . . Searches Triggered . | . . . . Construction Impeded . | . . . . Haulers Reinforced . | . . . . Active Scanning Responses . | . . . . Cargo Convoy Interrupts . | . . . . Stealth | -11 -10 -10 -10 --------- Run | Yrd Mat Min Sub Distress Signals 4 | . 4 . . Communications Jammed . | . . . . Distress Signals . | . . . . Times Spotted 34 | . 25 1 8 Peak Tracking Total 9 | . 9 1 6 Tactical Retreats 5 | . 5 . . Traps | -11 -10 -10 -10 ------- Run | Yrd Mat Min Sub Traps Triggered . | . . . . Indirectly . | . . . . Trap Hack Attempts . | . . . . Triggered . | . . . . Disarmed . | . . . . Reprogrammed . | . . . . Reused . | . . . . Traps Extracted . | . . . . Installed . | . . . . Triggered . | . . . . Most Traps Carried 1 | . . . 1 Machines | -11 -10 -10 -10 ---------- Run | Yrd Mat Min Sub Machines Disabled 1 | . 1 . . Max in Single Turn 1 | . 1 . . Machines Repaired . | . . . . Machines Dismantled . | . . . . Machines Sabotaged . | . . . . Overloaded Fab Kills . | . . . . Hacking | -11 -10 -10 -10 --------- Run | Yrd Mat Min Sub Machines Accessed 5 | . 5 . . Terminals 4 | . 4 . . Fabricators . | . . . . Repair Stations . | . . . . Recycling Units 1 | . 1 . . Scanalyzers . | . . . . Garrison Access . | . . . . Total Hacks 17 | . 17 . . Successful 8 | . 8 . . Failed 9 | . 9 . . Catastrophic . | . . . . Database Lockouts . | . . . . Manual 10 | . 10 . . Terminals 14 | . 14 . . Fabricators . | . . . . Repair Stations . | . . . . Recycling Units 3 | . 3 . . Scanalyzers . | . . . . Garrison Access . | . . . . Terminal Hacks 3 | . 3 . . Terminal Index 1 | . 1 . . Zone Layout 2 | . 2 . . Fabricator Hacks . | . . . . Repair Station Hacks . | . . . . Recycling Unit Hacks . | . . . . Scanalyzer . | . . . . Garrison Access Hacks . | . . . . Unauthorized Hacks 5 | . 5 . . Terminals 2 | . 2 . . Track 2 | . 2 . . Fabricators . | . . . . Repair Stations . | . . . . Recycling Units 3 | . 3 . . Reject 1 | . 1 . . Recyclers 1 | . 1 . . Mask 1 | . 1 . . Scanalyzers . | . . . . Garrison Access . | . . . . Data Cores Recovered . | . . . . Used . | . . . . Hacking Detections 5 | . 5 . . Full Trace Events 1 | . 1 . . Feedback Events . | . . . . Feedback Blocked . | . . . . Robot Schematics Acquired . | . . . . Robots Built . | . . . . Authchips . | . . . . Time . | . . . . Total Robot Build Rating . | . . . . Part Schematics Acquired . | . . . . Parts Built . | . . . . Authchips . | . . . . Time . | . . . . Total Part Build Rating . | . . . . Parts Repaired . | . . . . Time . | . . . . Parts Recycled . | . . . . Recycled Matter . | . . . . Retrieved Matter . | . . . . Retrieved Components . | . . . . Parts Scanalyzed . | . . . . Part Schematics Acquired . | . . . . Parts Damaged . | . . . . Bothacking | -11 -10 -10 -10 ------------ Run | Yrd Mat Min Sub Used RIF Installer . | . . . . Robots Hacked . | . . . . Non-combat . | . . . . Combat . | . . . . Robot Hacks Applied . | . . . . Relay Couplers Released . | . . . . Fabnet Peak Effective % . | . . . . Robots Rewired . | . . . . Allies Hacked . | . . . . Hacks Repelled . | . . . . Allies | -11 -10 -10 -10 -------- Run | Yrd Mat Min Sub Total Allies . | . . . . Largest Group . | . . . . Highest-Rated Group . | . . . . Highest-Rated Ally . | . . . . Total Orders . | . . . . Ally Attacks . | . . . . Total Damage . | . . . . Kills . | . . . . Allies Corrupted . | . . . . Allies Melted . | . . . . Intel | -11 -10 -10 -10 ------- Run | Yrd Mat Min Sub Active Infowar (turns) 100 | 92 8 . . Seismic 100 | 92 8 . . Robot Analysis Total . | . . . . Derelict Logs Recovered 1 | . . 1 . Drone Launches . | . . . . Drone Recoveries . | . . . . Exploration | -11 -10 -10 -10 ------------- Run | Yrd Mat Min Sub Turns Passed 3038 | 231 1232 1051 524 Spaces Moved 1108 | 103 456 388 161 Core 3 | 3 . . . Treads 1105 | 100 456 388 161 Legs . | . . . . Wheels . | . . . . Hover . | . . . . Flight . | . . . . Fastest Speed 50 | 50 160 240 240 Average Speed 226 | 156 226 240 240 Slowest Speed 320 | 160 240 240 320 Overloaded Moves . | . . . . Propulsion Burnouts . | . . . . Robots Hopped . | . . . . Potential Cave-ins . | . . . . Cave-ins Triggered . | . . . . Exploration Rate (%) 38 | 7 56 75 16 Regions Visited 3 Branch Regions 2 Pre-discovered Areas 1 | . . 1 . Known Exits Taken . | . . . . Unknown Exits Taken 3 | 1 1 1 . Scrap Searched . | . . . . Spaces Dug 28 | . 28 . . Terrain Destroyed 148 | . 32 . 116 Melee . | . . . . Projectile . | . . . . AOE 148 | . 32 . 116 Terrain Rammed . | . . . . Walls Destroyed . | . . . . Machines Disabled . | . . . . Actions | -11 -10 -10 -10 --------- Run | Yrd Mat Min Sub Total 1515 | 140 595 502 278 Wait 237 | 2 49 94 92 Move 1105 | 102 455 387 161 Hop . | . . . . Pick Up 43 | 10 26 3 4 Fast Attach 10 | 7 2 1 . Attach 3 | . 1 . 2 Detach . | . . . . Swap 11 | . 3 6 2 Drop 28 | 2 16 6 4 Fire 76 | 17 43 3 13 Melee . | . . . . Ram . | . . . . Kick . | . . . . Crush 2 | . . 2 . Escape Stasis . | . . . . Rewire . | . . . . Trap . | . . . . Miscellaneous . | . . . . Route ------- -11/Scrapyard -10/Materials (discovered 3 exits: [*Mat x2] / [*Min]) -10/Mines (discovered 2 exits: [*Mat] / [*Sub]) -10/Subcaves History --------- Turn | Location | Event 45 | -11/Scrapyard | Discovered new exit (range 15) 232 | -11/Scrapyard | Entered Materials 315 | -10/Materials | Build established: Mutant 358 | -10/Materials | Discovered new exit (range 12) 1143 | -10/Materials | Discovered new exit (range 6) 1232 | -10/Materials | Destroyed 7 combat bots 1393 | -10/Materials | Discovered new exit (range 12) 1464 | -10/Materials | Entered Mines 1465 | -10/Mines | Met a Derelict bent on vengeance 1666 | -10/Mines | Joined a pair of Derelicts in attacking an 0b10 outpost 1735 | -10/Mines | Learned location of Zion (-7) 1997 | -10/Mines | Build established: Scavenger-Mutant 2345 | -10/Mines | Discovered new exit (range 6) 2422 | -10/Mines | Discovered new exit (range 8) 2515 | -10/Mines | Entered Subcaves 2528 | -10/Subcaves | Curiously followed by a Cobbler waking with a query about "LVR3C" 2965 | -10/Subcaves | A Subdweller sparked back to life 2965 | -10/Subcaves | A Subdweller sparked back to life 2965 | -10/Subcaves | A Subdweller sparked back to life 2992 | -10/Subcaves | Ambushed by Subdweller buried in earth 3026 | -10/Subcaves | Core integrity fell below 50% 3036 | -10/Subcaves | Found Prototype Leg 3038 | -10/Subcaves | Core integrity fell below 20% 3039 | -10/Subcaves | Destroyed by 5X-KWR(R) with Subdweller Laser Last Messages --------------- 02999_ 4H-PSF(R): "ARGHSUB!" 03008_ 5X-KWR(R): "ARGHSUB!" 03013_ P6-AQU(R) destroyed. 03013_ Imp. Ion Engine destroyed. 03013_ Destroyed Imp. Ion Engine. 03017_ SX-NQY(R) destroyed. 03020_ Subatomizers dissect the Sub. Beam Cannon. 03024_ NF-ZIR(R) affixes Scrap Shield Fragment to Scrap Shield. 03029_ The unstable cave ceiling collapses. 03030_ Subatomizers dissect the Prototype Leg. 03030_ The unstable cave ceiling collapses. 03031_ Lgt. Treads destroyed. 03036_ Dropped Sensor Array. 03036_ Acquired Prototype Leg. 03037_ Ion Engine destroyed. 03037_ Mni. Grenade Launcher destroyed. 03037_ Destroyed Mni. Grenade Launcher. 03038_ Lgt. Treads destroyed. Map ----- +----------------------------------------------------+ | ??????????????????"""????# # # #??????????????? | | ???????????????#""" ##### #??????????????? | | ??????????????##""""" ## # ###????????????? | | ??????????????# "" #?## ##???????????? | | ??????????????# ### #???????????? | | ??????????????# ##???????????? | | ???????????????# ####????????????? | | ?????????????????#""" ##???????????????? | | ?????????????????#""" #????????????????? | | ?????????????????#""" #????????????????? | | ??????????????????##### ####????????????????? | | ??????????????????????## ##???????????????????? | | ??????????????????????## ##????????????????????? | | ?????????????????????## ####??????????????????? | | ?????????????????????# #####??????????????? | | ???????????????# ## ####???????????? | | ??????????????# ### #???????????? | | ??????????????############ ! #???????????? | | ?????????????????????????# #???????????? | | ?????????????????????##### #???????????? | | ?????# ###???????????# #???????????? | | ?????# ?????????## #???????????? | | ????# ????????# ## #??????????? | | ?##? ???????## ##??#####??????????? | | ?# ?????## #?????????????????? | | ??### # R@ #?????????????????? | | #?# #????????????????? | | ## R ##????????????????? | | ?# ## # RR #????????????????? | | ?# ### ## #???????????????? | | ?# #& ###?###? ##???????????????? | | ??# ###??????? #????????????????? | | ??## ## # #?????????? ###????????????????? | | ???####??## #??????????? #??????????????????? | | ??????????? ???????????? ??????????????????? | | ?????????# ????????????? ??????????????????? | | ????????# ?????????????? ?????????????????? | | ??????? ???????????????? ?????????????????? | | ??????? ????????????????? #????????????????? | | ?????? ?????????????????? ???????????????????? | | ?????? ??????????????????? ?????????????????????? | | ?????????????????????????????????????????????????? | | ?????????????????????????????????????????????????? | | ?????????????????????????????????????????????????? | | ?????????????????????????????????????????????????? | | ?????????????????????????????????????????????????? | | ?????????????????????????????????????????????????? | | ?????????????????????????????????????????????????? | | ?????????????????????????????????????????????????? | | ?????????????????????????????????????????????????? | +----------------------------------------------------+ Best States ------------- Heat Dissipation 25 Energy Generation 12 Energy Capacity 265 Matter Stores 300 Matter Capacity 300 Sight Range 16 Terrain Scan Density 10 Evasion (%) 40 Targeting Accuracy 5 Recoil Reduction 2 Salvage Targeting 1 Item Schematics ----------------- None Robot Schematics ------------------ None Fabricated ------------ Nothing Repaired ---------- Nothing Alien Tech Used ----------------- None Achievements -------------- None Challenges ------------ None Game ------ Seed ConceptReinforcedTreads Manual? 0 Play Time 00:21:40 Cumulative 69.3 hours Start 2025.05.22 @ 20:22:14 End 2025.05.22 @ 20:45:30 Sessions 1 Manual Loads 0 Difficulty Rogue Special Mode None Game No. 47 Rogue 47 Adventurer 0 Explorer 0 Win Type - Total 0 Types 0/0/0/0/0/0/0/0/0/0 Lore% 23 Gallery% 42 Achievement% 40 Wizard Run 0 Options --------- Layout 2 ASCII 0 Keyboard 0 Movement Numpad Keybinds 0 Fullscreen 2 Font 48/Smallcaps Map View 50x44 Zoom Use 0% Tactical HUD 1 Map Filters NONE Filters NONE Steam 1 RUN: 5f7ab054-0f65-4d5c-bf0b-c0a3d80be33e